 Dungeon Crawl Stone Soup version 0.18-a0-917-g8a3da5b (webtiles) character file.

139 lysy the Skirmisher (level 5, -6/54 HPs)
             Began as an Ogre Abyssal Knight on Dec 27, 2015.
             Was a Believer of Lugonu.
             Killed by divine providence
             ... invoked by an orc priest
              (12 damage)
             ... on level 3 of the Dungeon.
             The game lasted 00:14:26 (2503 turns).

lysy the Skirmisher (Ogre Abyssal Knight)           Turns: 2503, Time: 00:14:27

Health: -6/54      AC:  3    Str: 17    XL:     5   Next: 22%
Magic:  6/6        EV:  7    Int: 12    God:    Lugonu [**....]
Gold:   94         SH:  7    Dex:  9    Spells: 0 memorised, 4 levels left

rFire  . . .     SeeInvis .     a - +1 hand axe
rCold  . . .     Gourm    .     v - +0 robe
rNeg   . . .     Faith    .     f - +0 shield
rPois  .         Spirit   .     (helmet restricted)
rElec  .         Dismiss  .     (no cloak)
rCorr  .         Reflect  .     (gloves unavailable)
SustAt .         Harm     .     (boots unavailable)
MR     .....                    (no amulet)
Stlth  +.........               (no ring)
                                (no ring)

@: not resistant to hostile enchantments, very unstealthy
A: unfitting armour, tough skin 1
a: Depart the Abyss, Bend Space, Renounce Religion


You were on level 3 of the Dungeon.
You worshipped Lugonu.
Lugonu was pleased with you.
You were very hungry.

You visited 1 branch of the dungeon, and saw 4 of its levels.
You visited the Abyss 1 time.

You collected 94 gold pieces.

Inventory:

Hand Weapons
 a - a +1 hand axe (weapon)
 b - a +0 blowgun
 i - a +0 short sword of draining
Missiles
 d - 112 stones (quivered)
 r - a tomahawk of dispersal
 t - 5 curare-tipped needles
 w - 10 poisoned needles
Armour
 f - a +0 shield (worn)
 v - a +0 robe (worn)
Jewellery
 s - a cursed ring of teleportation
 u - an uncursed ring of fire
Scrolls
 e - a scroll of identify
 g - a scroll of enchant armour {unknown}
 k - 2 scrolls of immolation {unknown}
 m - 2 scrolls of teleportation {unknown}
 n - 2 scrolls of recharging {unknown}
 o - 2 scrolls of remove curse {unknown}
 p - 2 scrolls of noise {unknown}
Potions
 h - a potion of brilliance {unknown}
 j - a potion of haste {unknown}
 q - a potion of magic {unknown}
Comestibles
 c - 8 bread rations
 l - a meat ration


   Skills:
 - Level 4.0 Fighting
 + Level 3.2 Axes
 - Level 2.1 Dodging
 + Level 2.3 Shields
 - Level 2.0 Invocations


You had 4 spell levels left.
You didn't know any spells.

Dungeon Overview and Level Annotations

Branches:
Dungeon (4/15)
 Temple: D:4-7

Altars:


Innate Abilities, Weirdness & Mutations

You are too large for most types of armour.
You have tough skin (AC +1).


Message History

The orc priest is lightly wounded.
You closely miss the orc.
You hit the orc wizard but do no damage.
The orc hits you with a flail. You block the orc wizard's attack.
The orc priest hits you. The orc wizard casts a spell at you.
The magic dart hits you! The orc priest hits you.
Unknown command.
The hound skeleton bites you. The orc hits you with a flail!
* * * LOW HITPOINT WARNING * * *
You block the hound skeleton's attack.
The orc wizard miscasts a cantrip.
The orc priest hits you.
* * * LOW HITPOINT WARNING * * *
You climb upwards.
There is a stone staircase leading down here.
You block the orc's attack.
The orc priest calls down the wrath of Beogh upon you.
Something smites you!
You die...

###################
#..................
#.#...#############
####+#+#'##
#.........#
#.........#
#.........############
#...>o...)............
#..oo@.....###########
#........).# #########
#[.........# #........
#..........# #........
######'###.# #........
#.###.###........
##.......#........
#.....##.#........
#.....#<.#........


You could see an orc priest, an orc wizard and an orc.

Vanquished Creatures
  Ijyb (D:2)
  A worker ant (D:3)
  2 adders
  2 oozes
  2 worms (D:2)
  4 giant geckos
  6 orcs (D:3)
  2 giant cockroaches
  4 goblins
  3 hobgoblins
  3 jackals (D:2)
  9 kobolds
  A ball python (D:1)
  4 bats (D:1)
  5 giant newts
  5 rats
54 creatures vanquished.

Notes
Turn   | Place    | Note
--------------------------------------------------------------
     0 | Abyss:1  | lysy the Ogre Abyssal Knight began the quest for the Orb.
     0 | Abyss:1  | Reached XP level 1. HP: 24/24 MP: 2/2
     7 | D:1      | Escaped the Abyss
    40 | D:1      | Reached XP level 2. HP: 28/32 MP: 3/3
   572 | D:1      | Reached ** piety under Lugonu
   903 | D:1      | Reached XP level 3. HP: 37/39 MP: 4/4
  1110 | D:2      | Reached skill level 1 in Shields
  1264 | D:2      | Noticed Ijyb
  1275 | D:2      | Killed Ijyb
  1275 | D:2      | Reached XP level 4. HP: 45/48 MP: 5/5
  1876 | D:3      | Reached XP level 5. HP: 46/54 MP: 6/6
  2503 | D:3      | Killed from afar by an orc priest

Vault maps used:
D:1:      minmay_arrival_doors, st_stairs_11, kennysheep_minor_cross
D:2:      first_bread, uniq_iyjb
D:4:      minmay_temple_entry_from_below_a, serial_shops, shop,
          okawaru_gym_becter

Action                   |  1- 3 |  4- 6 || total
-------------------------+-------+-------++-------
Melee: Hand axe          |    52 |    66 ||   118
       Short sword       |    55 |    26 ||    81
Throw: Stone             |     1 |    10 ||    11
  Use: Scroll            |       |     2 ||     2
       Potion            |       |     1 ||     1
  Eat: Chunk             |     1 |     3 ||     4
